[Event "Team 45 45 League T26"]
[Site "Internet Chess Club"]
[Date "2005.03.30"]
[Round "3"]
[White "sdcohle"]
[Black "Gomer"]
[Result "1-0"]
[WhiteElo "1335"]
[BlackElo "1307"]
[TimeControl "2700+45"]

1. d4 Nf6 2. c4 c6 3. Nf3 e6 4. g3 d5 5. e3 c5 6. Nc3 Nc6 7. cxd5 exd5 8. Bg2
Be6 9. O-O Bd6 10. Ng5 Ne7 11. Nxe6 fxe6 12. Re1 O-O 13. e4 c4 14. e5 Bc7 15.
exf6 Rxf6 16. Bg5 Rf8 17. Rxe6 Bd6 18. Nxd5 Qd7 19. Bxe7 Qxe6 20. Bxf8 Rxf8 21.
Nf4 Bxf4 22. gxf4 Rf6 23. d5 Qf5 24. d6 Qd7 25. Qd4 b5 26. Qd5+ Kh8 27. Qa8+
{Black resigns} 1-0

[Event "Team 45 45 League T26"]
[Site "Internet Chess Club"]
[Date "2005.04.02"]
[Round "3"]
[White "moreffee"]
[Black "markev"]
[Result "1/2-1/2"]
[WhiteElo "1378"]
[BlackElo "1281"]
[TimeControl "2700+45"]

1. e4 c5 2. Nf3 d6 3. d4 cxd4 4. c3 Nf6 5. e5 dxe5 6. Nxe5 e6 7. Bb5+ Nbd7 8.
Qxd4 h6 9. Nd2 Qc7 10. Nb3 Be7 11. Bf4 Qd8 12. Rd1 Nd5 13. c4 Nxf4 14. Qxf4 O-O
15. Nxd7 Bb4+ 16. Ke2 Bxd7 17. Rxd7 Qb6 18. Rhd1 e5 19. Qe4 Rab8 20. Kf1 a6 21.
Ba4 Rfd8 22. a3 Bf8 23. Rxd8 Rxd8 24. Rxd8 Qxd8 25. Qd5 Qf6 26. Nc5 Qf4 27. Nd3
Qd2 28. Nxe5 Qc1+ 29. Bd1 Kh7 30. Qd3+ Kg8 31. Qc2 Qf4 32. Nf3 Bc5 33. b4 Be7
34. c5 g6 35. Qe2 Kf8 36. Qe3 Qc4+ 37. Be2 Qa2 38. Qxh6+ Ke8 39. Qe3 Qa1+ 40.
Ne1 Kf8 41. Bf3 Bf6 42. Qh6+ Bg7 43. Qe3 Bd4 44. Qd3 Qb2 45. Nc2 Qc1+ 46. Qd1
Qb2 47. Nxd4 Qxa3 48. Qb3 Qc1+ 49. Qd1 Qc4+ 50. Be2 Qxb4 51. c6 bxc6 52. Nxc6
Qf4 53. g3 Qe4 54. Qd8+ Kg7 55. Qd4+ Qxd4 56. Nxd4 f5 57. Bxa6 Kf6 58. f4 Kg7
59. Ne6+ Kf6 60. Ng5 Kg7 61. Kf2 Kh6 62. Kf3 Kh5 63. h3 Kh6 64. g4 Kg7 65. gxf5
gxf5 66. h4 Kh6 67. Kg3 Kh5 68. Be2+ Kg6 69. h5+ Kh6 70. Kh4 Kg7 71. Ne6+ Kh6
72. Bd3 Kh7 73. Bxf5+ Kh6 74. Bd3 {Black stalemated} 1/2-1/2

[Event "Team 45 45 League T26"]
[Site "Internet Chess Club"]
[Date "2005.04.03"]
[Round "3"]
[White "Mutaant"]
[Black "Midwest-Rook"]
[Result "0-1"]
[WhiteElo "1181"]
[BlackElo "1228"]
[TimeControl "2700+45"]

1. e4 e5 2. Nf3 Nc6 3. Bc4 Bc5 4. d3 h6 5. Nc3 Nf6 6. Nd5 d6 7. h3 Na5 8. Nxf6+
Qxf6 9. Bd5 c6 10. Bb3 Nxb3 11. axb3 Be6 12. O-O d5 13. Nd2 Qg6 14. Ra5 Bxh3 15.
Qf3 Bg4 16. Qg3 Bd6 17. exd5 e4 18. Qe3 b6 19. Ra4 cxd5 20. f3 Bh3 21. Qe2 Qg3
22. fxe4 Qh2+ 23. Kf2 Qxg2+ 24. Ke1 Bg3+ 25. Kd1 Qxe2+ 26. Kxe2 Bxf1+ 27. Nxf1
Bd6 28. exd5 O-O 29. c4 Rfe8+ 30. Kd1 a5 31. Bd2 Bb4 32. Kc2 Bxd2 33. Nxd2 g5
34. b4 axb4 35. Rxb4 Ra6 36. Ne4 Re5 37. Nf6+ Kg7 38. Nd7 Re2+ 39. Kc3 g4 40. d6
g3 41. Nb8 g2 42. d7 g1=Q 43. d8=Q Qc1+ 44. Kd4 Qe3+ 45. Kc3 Qe5+ 46. Qd4 Qxd4+
47. Kxd4 Ra7 48. Rxb6 Re6 49. Rb5 Rd6+ 50. Ke3 Re7+ 51. Kd2 Ree6 52. c5 Rd5 53.
b4 f5 54. c6 Rxb5 55. c7 Re8 56. Nd7 Rc8 {White resigns} 0-1

[Event "Team 45 45 League T26"]
[Site "Internet Chess Club"]
[Date "2005.04.05"]
[Round "3"]
[White "rpgrossman"]
[Black "katzman"]
[Result "0-1"]
[WhiteElo "1043"]
[BlackElo "1114"]
[TimeControl "2700+45"]

1. Nf3 d5 2. d4 Nc6 3. c3 Nf6 4. g3 Bg4 5. h3 Bxf3 6. exf3 e6 7. Bg2 Bd6 8. O-O
O-O 9. Nd2 Re8 10. c4 dxc4 11. Nxc4 h6 12. Nxd6 Qxd6 13. Bf4 Qd7 14. g4 Nxd4 15.
Rc1 e5 16. g5 exf4 17. Re1 Rxe1+ 18. Qxe1 hxg5 19. Bf1 Nxf3+ 20. Kg2 Nxe1+ 21.
Rxe1 Qd5+ {White resigns} 0-1

[Event "Team 45 45 League T26"]
[Site "Internet Chess Club"]
[Date "2005.04.02"]
[Round "3"]
[White "fuzzface"]
[Black "Schach-Prinz"]
[Result "1-0"]
[WhiteElo "1346"]
[BlackElo "1337"]
[TimeControl "2700+45"]

1. e4 e5 2. d3 Bc5 3. Nf3 d6 4. h3 Nc6 5. c3 Be6 6. Qd2 h6 7. b4 Bb6 8. a4 a5 9.
b5 Nce7 10. d4 exd4 11. cxd4 Nf6 12. Nc3 d5 13. Bd3 dxe4 14. Bxe4 Nxe4 15. Nxe4
Nf5 16. Bb2 O-O 17. O-O Re8 18. Nc5 Bd5 19. Rfe1 Bxf3 20. gxf3 Bxc5 21. Rxe8+
Qxe8 22. dxc5 Nh4 23. Qc3 Qf8 24. Re1 f6 25. Qc4+ Kh8 26. Qxh4 Qxc5 27. Qd4 Qf8
28. Qd7 Qb4 29. Re8+ Rxe8 30. Qxe8+ Kh7 31. Qe4+ Qxe4 32. fxe4 Kg6 33. Kg2 Kf7
34. Bd4 b6 35. Bc3 Ke6 36. f4 Kf7 37. Kf3 Ke6 38. Bb2 Kf7 39. Ba3 Ke6 40. Bb2
Kf7 41. h4 Ke6 42. f5+ Kf7 43. e5 h5 44. exf6 gxf6 45. Bc1 Ke7 46. Bf4 Kd7 47.
Ke3 c5 48. Kd3 Ke7 49. Bc7 Kd7 50. Bxb6 Kc8 51. Bxc5 Kb7 52. Kc4 Ka8 53. Bd4 Kb7
54. Bxf6 {Black resigns} 1-0

[Event "Team 45 45 League T26"]
[Site "Internet Chess Club"]
[Date "2005.04.01"]
[Round "3"]
[White "SandiaCaveMan"]
[Black "Fogbound"]
[Result "0-1"]
[WhiteElo "1336"]
[BlackElo "1360"]
[TimeControl "2700+45"]

1. d4 Nf6 2. Nf3 g6 3. c4 Bg7 4. Nc3 d6 5. e3 Nbd7 6. b3 O-O 7. Bd3 b6 8. Bb2
Bb7 9. e4 e5 10. d5 Nc5 11. Bc2 Nh5 12. Ne2 Re8 13. Bc1 Bc8 14. h3 h6 15. Be3
Nf4 16. Bxf4 exf4 17. Rb1 Nxe4 18. Bxe4 Rxe4 19. O-O Bf5 20. Nd2 Re7 21. Nd4
Bxd4 22. Nf3 Bg7 23. Nd4 Bxb1 24. Nc6 Qe8 25. Nxe7+ Qxe7 26. Qxb1 Qh4 27. Qe4
Qg5 28. Re1 Qe5 29. f3 Re8 30. Kh2 f5 31. Qxe5 Rxe5 32. Rxe5 Bxe5 33. Kg1 Bd4+
34. Kf1 Kf7 35. Ke2 Kf6 36. Kd3 Ke5 37. a4 a5 38. Kc2 Be3 39. Kd3 Bd4 40. Kc2 h5
41. Kd3 g5 42. Ke2 Kf6 43. Kd3 Ke5 44. Ke2 Bc3 45. Kd3 Bb4 46. Kc2 Kd4 47. Kb2
Ke3 48. Kc2 Ke2 49. Kc1 Kf2 {White resigns} 0-1

[Event "Team 45 45 League T26"]
[Site "Internet Chess Club"]
[Date "2005.04.04"]
[Round "3"]
[White "SilverKnight"]
[Black "Traho"]
[Result "0-1"]
[WhiteElo "1308"]
[BlackElo "1305"]
[TimeControl "2700+45"]

1. e4 c6 2. Nf3 d5 3. Nc3 Bg4 4. h3 Bh5 5. d4 Bg6 6. Bd3 h6 7. Be3 e6 8. exd5
Bxd3 9. Qxd3 cxd5 10. Ne5 Ne7 11. g4 Nbc6 12. f4 Nxe5 13. fxe5 Ng6 14. h4 a6 15.
O-O-O Nxh4 16. Qf1 g5 17. Rd2 Rh7 18. Rf2 Qd7 19. Na4 Qxa4 20. a3 Qd7 21. Qd3
Ng6 22. Bxg5 Be7 23. Bd2 Bf8 24. Qf3 Rc8 25. Rfh2 Qc7 26. c3 Qe7 27. g5 Kd7 28.
Qf6 Bg7 29. Qxe7+ Kxe7 30. gxh6 Bf8 31. Bg5+ Kd7 32. Bf6 Be7 33. Bg7 Bd8 34. Rf1
Ke8 35. Kc2 Bg5 36. Kd3 b5 37. Rc1 Bxc1 {White resigns} 0-1

[Event "Team 45 45 League T26"]
[Site "Internet Chess Club"]
[Date "2005.04.01"]
[Round "3"]
[White "NineMilly"]
[Black "klt713"]
[Result "0-1"]
[WhiteElo "1184"]
[BlackElo "1203"]
[TimeControl "2700+45"]

1. d4 d5 2. Nc3 e6 3. e4 Bb4 4. e5 a6 5. Nf3 Nd7 6. Bd3 c5 7. Bg5 Qc7 8. Be3
cxd4 9. Bxd4 Ne7 10. a3 Bxc3+ 11. bxc3 Nc6 12. Qd2 Nxd4 13. cxd4 f6 14. Qf4 Qc3+
15. Ke2 O-O 16. Rhe1 fxe5 17. Nxe5 Rxf4 18. Nf3 Rf8 19. Ng5 Nf6 20. h3 Qxd4 21.
Nf3 Qc5 22. Kf1 Bd7 23. Ne5 Ne4 24. Re3 {White resigns} 0-1

[Event "Team 45 45 League T26"]
[Site "Internet Chess Club"]
[Date "2005.04.03"]
[Round "3"]
[White "room-matt"]
[Black "Zornorph"]
[Result "1/2-1/2"]
[WhiteElo "1929"]
[BlackElo "1963"]
[TimeControl "2700+45"]

1. e4 e5 2. Bc4 Nf6 3. d3 c6 4. Nf3 d5 5. Bb3 Bd6 6. exd5 cxd5 7. O-O Nc6 8. Bg5
Be6 9. Re1 O-O 10. Nbd2 b5 11. c4 bxc4 12. dxc4 d4 13. Rc1 Re8 14. Ba4 Bd7 15.
c5 Bc7 16. Nc4 Qb8 17. Bh4 Nd5 18. Bg3 f6 19. a3 Nde7 20. h3 Nf5 21. Bh2 Rd8 22.
Qd3 Nh6 23. Bc2 Bf5 24. Qd2 Bxc2 25. Qxc2 Nf7 26. b4 Kh8 27. Qd3 a5 28. Nd6 Bxd6
29. cxd6 Na7 30. Re4 axb4 31. axb4 Nb5 32. Rh4 Nh6 33. Ng5 e4 34. Qxe4 f5 35.
Qe5 Re8 36. Rxh6 Rxe5 37. Rxh7+ Kg8 38. Bxe5 Ra7 39. Rc7 Nxc7 40. Rxg7+ Kf8 41.
Nh7+ Ke8 42. Rg8+ Kf7 43. Rxb8 Ne6 44. f3 d3 45. Kf2 Ra2+ 46. Ke3 Re2+ 47. Kxd3
Rxe5 48. Rb7+ Kg6 49. Re7 Rd5+ 50. Kc4 Nf4 51. d7 Rd2 52. g3 Ne6 53. Rxe6+ Kxh7
54. Re7+ Kg6 55. b5 Kf6 56. Rh7 Kg6 57. Re7 Kf6 58. Rh7 Kg6 59. Re7 Kf6 {Game
drawn by repetition} 1/2-1/2

[Event "Team 45 45 League T26"]
[Site "Internet Chess Club"]
[Date "2005.04.01"]
[Round "3"]
[White "megamaster"]
[Black "chessateer"]
[Result "1-0"]
[WhiteElo "2052"]
[BlackElo "1798"]
[TimeControl "2700+45"]

1. e4 e5 2. Nf3 Nf6 3. Bc4 Nxe4 4. Nc3 Nf6 5. Nxe5 d5 6. Bb3 Be7 7. O-O O-O 8.
d4 c6 9. Bg5 Nbd7 10. f4 Re8 11. Qd3 Nf8 12. Rae1 Ne6 13. Kh1 Nd7 14. Bxe7 Rxe7
15. Ne2 f6 16. Nxd7 Bxd7 17. c3 Nf8 18. Ng3 Rxe1 19. Rxe1 Qc7 20. f5 Re8 21.
Rxe8 Bxe8 22. Qe3 Bf7 23. Kg1 Qd6 24. Ne2 Nd7 25. Nf4 Nb6 26. a3 Nc8 27. Ne6 Ne7
28. Bc2 Bxe6 29. fxe6 g6 30. g4 Kg7 31. h4 Kg8 32. Kg2 Kg7 33. Bd3 Kg8 34. Kh3
Kg7 35. h5 b6 36. b4 b5 37. Bc2 a5 38. bxa5 Qxa3 39. h6+ Kg8 40. g5 Qa1 41. gxf6
Qf1+ 42. Kg3 Qxf6 43. a6 Nc8 44. a7 Nxa7 45. e7 {Black forfeits on time} 1-0

[Event "Team 45 45 League T26"]
[Site "Internet Chess Club"]
[Date "2005.04.02"]
[Round "3"]
[White "jantonio"]
[Black "MrAnderssen"]
[Result "1-0"]
[WhiteElo "1661"]
[BlackElo "1664"]
[TimeControl "2700+45"]

1. Nf3 d5 2. g3 Nf6 3. Bg2 Bg4 4. d3 e6 5. Nbd2 Bd6 6. h3 Bh5 7. b3 O-O 8. Bb2
c5 9. O-O Nc6 10. e4 Qc7 11. a3 Ne5 12. Qe1 d4 13. Nxe5 Bxe5 14. f4 Bxf4 15.
Rxf4 e5 16. Rf1 b5 17. Qf2 a5 18. Nf3 a4 19. Nh4 axb3 20. cxb3 c4 21. bxc4 bxc4
22. dxc4 Qxc4 23. Rac1 Qb5 24. Bf3 d3 25. Bxh5 Nxh5 26. Rc5 Qa6 27. Rxe5 Nf6 28.
Nf5 Rad8 29. Qd2 Rfe8 30. Rxe8+ Rxe8 31. Bxf6 gxf6 32. Qh6 Qb6+ 33. Kh1 {Black
resigns} 1-0

[Event "Team 45 45 League T26"]
[Site "Internet Chess Club"]
[Date "2005.04.01"]
[Round "3"]
[White "Pilgrim"]
[Black "sigma33"]
[Result "1-0"]
[WhiteElo "1603"]
[BlackElo "1513"]
[TimeControl "2700+45"]

1. e4 e5 2. Nf3 Nc6 3. Bc4 Bc5 4. O-O Nf6 5. d4 Bxd4 6. Nxd4 Nxd4 7. f4 d6 8.
fxe5 dxe5 9. Bg5 Be6 10. Na3 h6 11. Bxf6 gxf6 12. c3 Bxc4 13. Nxc4 Ne6 14. Qxd8+
Rxd8 15. Rxf6 Ke7 16. Raf1 Rh7 17. Nxe5 Rf8 18. Nc4 Rg8 19. Ne3 Rg6 20. Nd5+ Kd8
21. Rxf7 Rxf7 22. Rxf7 Ke8 23. Rf6 Rxf6 24. Nxf6+ Kf7 25. Nd5 Nc5 26. Nxc7 Nxe4
27. Nd5 Nc5 28. b3 Ke6 29. c4 Kd6 30. Kf2 b5 31. Ke3 bxc4 32. bxc4 Ne6 33. Ke4
Kc5 34. Ke5 Nd4 35. Ne3 a5 36. g4 Nf3+ 37. Kf4 Nxh2 38. Kg3 Nf1+ 39. Nxf1 Kxc4
40. Ne3+ Kc3 41. Nd5+ Kc4 42. Nb6+ Kb5 43. Nd5 Kc4 44. Nb6+ Kb5 45. Kf4 Kxb6 46.
Kf5 Kb5 47. Kg6 Ka4 48. Kxh6 Ka3 49. g5 Kxa2 50. g6 Kb1 51. g7 a4 52. g8=Q a3
53. Qb3+ {Black resigns} 1-0

[Event "Team 45 45 League T26"]
[Site "Internet Chess Club"]
[Date "2005.04.02"]
[Round "3"]
[White "bigarrow"]
[Black "tarheels"]
[Result "1-0"]
[WhiteElo "1859"]
[BlackElo "1853"]
[TimeControl "2700+45"]

1. e4 c5 2. Nf3 Nc6 3. d4 cxd4 4. Nxd4 e5 5. Nb5 d6 6. N1c3 a6 7. Na3 b5 8. Nd5
Nf6 9. Bg5 Be7 10. Bxf6 gxf6 11. c4 Nd4 12. cxb5 f5 13. b6 Rb8 14. exf5 Bxf5 15.
Qa4+ Kf8 16. Bxa6 Be4 17. Nxe7 Qxe7 18. Bf1 Rxb6 19. b3 Qc7 20. Qa5 Nc2+ 21.
Nxc2 Qxc2 22. f3 Bg6 23. Qxb6 Qc3+ 24. Kf2 Qxa1 25. Qxd6+ Kg7 26. a4 Rc8 27. f4
Rc2+ 28. Kg1 e4 29. h4 e3 30. h5 e2 31. h6+ Kg8 32. Qd8# {Black checkmated} 1-0

[Event "Team 45 45 League T26"]
[Site "Internet Chess Club"]
[Date "2005.04.03"]
[Round "3"]
[White "ardsrfc"]
[Black "Stav"]
[Result "1-0"]
[WhiteElo "1857"]
[BlackElo "1643"]
[TimeControl "2700+45"]

1. b3 d6 2. Bb2 e5 3. e3 Nf6 4. c4 Be7 5. Qc2 Nbd7 6. Nc3 c6 7. d4 Qc7 8. Bd3
Nf8 9. dxe5 dxe5 10. Nf3 Ng6 11. Ne4 Nxe4 12. Bxe4 Bg4 13. Bxg6 hxg6 14. Nxe5
Bf5 15. e4 Bf6 16. exf5 Bxe5 17. Qe2 O-O-O 18. Bxe5 Qxe5 19. Qxe5 Rhe8 20. Qxe8
Rxe8+ 21. Kd2 gxf5 22. Rhe1 Rd8+ 23. Kc3 Kc7 24. Rad1 {Black resigns} 1-0

[Event "Team 45 45 League T26"]
[Site "Internet Chess Club"]
[Date "2005.04.12"]
[Round "3"]
[White "Mikey29a"]
[Black "nir8888"]
[Result "0-1"]
[WhiteElo "1635"]
[BlackElo "1644"]
[TimeControl "2700+45"]

1. e4 a6 2. Nf3 b5 3. d3 Bb7 4. g3 c5 5. Bg2 e6 6. O-O Be7 7. Nc3 Nf6 8. Bg5 h6
9. Bf4 g5 10. Bd2 d6 11. Qe2 Nbd7 12. h3 g4 13. hxg4 Nxg4 14. Nh2 Nge5 15. f4
Nc6 16. Be3 Qc7 17. f5 O-O-O 18. fxe6 fxe6 19. a4 b4 20. Nd1 Rdg8 21. Bf2 Rg6
22. c3 Rhg8 23. cxb4 Nxb4 24. Ne3 Ne5 25. Rfd1 Nbc6 26. Nc2 Bh4 27. gxh4 Rxg2+
28. Kh1 Qf7 29. Rf1 Qf4 30. Be3 Qxh2# {White checkmated} 0-1

[Event "Team 45 45 League T26"]
[Site "Internet Chess Club"]
[Date "2005.04.05"]
[Round "3"]
[White "ChessicStudent"]
[Black "Katzie"]
[Result "0-1"]
[WhiteElo "1525"]
[BlackElo "1548"]
[TimeControl "2700+45"]

1. Nf3 d5 2. g3 Nc6 3. Bg2 e5 4. d3 Bc5 5. O-O Nf6 6. Nbd2 O-O 7. e4 dxe4 8.
dxe4 Bg4 9. b3 Nd4 10. Bb2 Nxf3+ 11. Bxf3 Bxf3 12. Nxf3 Nxe4 13. Nxe5 Qg5 14.
Qd5 Bxf2+ 15. Rxf2 Nxf2 16. Kxf2 Rad8 17. Qe4 Rd2+ 18. Kg1 Qf6 19. Rf1 Qb6+ 20.
Kh1 Rf2 21. Qe1 Rxc2 22. Qb1 Rd2 23. Nc4 Qc6+ {White resigns} 0-1

[Event "Team 45 45 League T26"]
[Site "Internet Chess Club"]
[Date "2005.04.03"]
[Round "3"]
[White "wojozim"]
[Black "hotzoddy"]
[Result "1-0"]
[WhiteElo "1401"]
[BlackElo "1292"]
[TimeControl "2700+45"]

1. e4 e6 2. d3 d5 3. Nd2 c5 4. Ngf3 Nc6 5. g3 Nf6 6. Bg2 Be7 7. O-O O-O 8. Re1
e5 9. Nf1 d4 10. h4 Ng4 11. Ng5 h6 12. Nh3 Be6 13. f3 Nf6 14. Nh2 Qd7 15. Nf2 h5
16. Bg5 Nh7 17. Bxe7 Nxe7 18. f4 f6 19. fxe5 fxe5 20. Qxh5 Bf7 21. Qxe5 b6 22.
Rf1 Ng6 23. Qf5 Be8 24. Qxd7 Bxd7 25. Nfg4 Rae8 26. Rxf8+ Ngxf8 27. Rf1 Re7 28.
e5 Be6 29. b3 b5 30. Rf4 Ng6 31. Rf2 c4 32. Kf1 cxb3 33. cxb3 a5 34. h5 Ngf8 35.
Rf4 Rf7 36. Bc6 b4 37. Ke2 Ng5 38. Rxd4 Bxg4+ 39. Nxg4 Nfe6 40. Rd5 Ra7 41. Rd7
Rxd7 42. Bxd7 Nc5 43. Bc6 Kf8 44. d4 Nce6 45. Kd3 Ke7 46. d5 Nf8 47. Kc4 g6 48.
h6 Nfh7 49. d6+ Kd8 50. Kd5 Nf8 51. Nf6 Nf3 52. h7 Nxh7 53. Nxh7 g5 54. e6
{Black resigns} 1-0

[Event "Team 45 45 League T26"]
[Site "Internet Chess Club"]
[Date "2005.04.02"]
[Round "3"]
[White "Millwright"]
[Black "sdcohle"]
[Result "1-0"]
[WhiteElo "1341"]
[BlackElo "1319"]
[TimeControl "2700+45"]

1. e4 c5 2. Nf3 Nc6 3. Bc4 d6 4. O-O Nf6 5. Re1 g6 6. d4 Bg7 7. dxc5 dxc5 8.
Qxd8+ Nxd8 9. e5 Ng4 10. h3 Nh6 11. Nc3 O-O 12. Be3 b6 13. a4 Bb7 14. Bd5 Bxd5
15. Nxd5 e6 16. Nf6+ Kh8 17. a5 Nc6 18. axb6 axb6 19. Rxa8 Rxa8 20. Ng5 Bxf6 21.
exf6 Ng8 22. Nxf7# {Black checkmated} 1-0

[Event "Team 45 45 League T26"]
[Site "Internet Chess Club"]
[Date "2005.04.04"]
[Round "3"]
[White "chessterbaggins"]
[Black "WannaB"]
[Result "1-0"]
[WhiteElo "1232"]
[BlackElo "1109"]
[TimeControl "2700+45"]

1. e4 c5 2. b3 e5 3. Bb2 Nc6 4. a3 a6 5. Nf3 d6 6. Nc3 Be6 7. a4 h6 8. Be2 Nf6
9. Nh4 Be7 10. Nf5 Bxf5 11. exf5 h5 12. Bf3 Qc7 13. d3 Nd4 14. Nd5 Nxd5 15. Bxd5
Nxf5 16. Qf3 g6 17. O-O O-O 18. Bxb7 Rab8 19. Bxa6 Nh4 20. Qd5 Nf5 21. Qe4 Bf6
22. Bb5 h4 23. h3 Qd8 24. c4 d5 25. cxd5 Nd6 26. Qe3 Nxb5 27. axb5 Rxb5 28. Qf3
Rxb3 29. Ba3 Qc8 30. Qxf6 Rxd3 31. Qxe5 Re8 32. Qf6 Rxd5 33. Bb2 Rf5 34. Qh8#
{Black checkmated} 1-0

[Event "Team 45 45 League T26"]
[Site "Internet Chess Club"]
[Date "2005.04.03"]
[Round "3"]
[White "pumba"]
[Black "SeanT"]
[Result "1/2-1/2"]
[WhiteElo "1429"]
[BlackElo "1391"]
[TimeControl "2700+45"]

1. e4 e6 2. d4 d5 3. Nd2 dxe4 4. Nxe4 Nf6 5. Nxf6+ Qxf6 6. Nf3 Bd6 7. Bd3 h6 8.
O-O a6 9. Re1 c6 10. c3 Nd7 11. Qe2 Qe7 12. Bd2 Nf6 13. Ne5 Nd7 14. Ng6 fxg6 15.
Bxg6+ Kd8 16. Qh5 Nf6 17. Qf3 Qc7 18. h3 Qe7 19. Bf4 Bd7 20. Rad1 Rf8 21. Bxd6
Qxd6 22. Re5 Nd5 23. Qg3 Rf6 24. Be4 Qe7 25. Bxd5 cxd5 26. Rde1 Bc6 27. Qg4 Kd7
28. Qe2 Raf8 29. f4 Re8 30. Qg4 Qf7 31. f5 Kd6 32. fxe6 Rexe6 33. Rxe6+ Rxe6 34.
Rxe6+ Qxe6 35. Qg3+ Kd7 36. Qxg7+ Kc8 37. Qf8+ Be8 38. Qc5+ Kb8 39. Qb4 Bg6 40.
Qf8+ Be8 41. Qb4 h5 42. Qa5 Kc8 43. Qc5+ Bc6 44. Qf8+ Be8 45. Qc5+ Qc6 46. Qe7
Kb8 47. Qe5+ Ka7 48. h4 a5 49. b3 Bg6 50. c4 dxc4 51. Qxa5+ Kb8 52. Qd8+ Ka7 53.
Qa5+ Kb8 54. Qd8+ Ka7 55. Qa5+ Kb8 {Game drawn by repetition} 1/2-1/2

[Event "Team 45 45 League T26"]
[Site "Internet Chess Club"]
[Date "2005.03.31"]
[Round "3"]
[White "MrEvill"]
[Black "bluegrassplayer"]
[Result "0-1"]
[WhiteElo "1131"]
[BlackElo "1258"]
[TimeControl "2700+45"]

1. e4 e5 2. Nf3 Nc6 3. d4 exd4 4. Nxd4 Qf6 5. c3 Bc5 6. Be3 d6 7. Nb5 Bxe3 8.
fxe3 Qd8 9. Bc4 a6 10. Nd4 Qh4+ 11. g3 Qxe4 12. Qf3 Qxf3 13. Nxf3 Nf6 14. Nbd2
O-O 15. O-O-O Bg4 16. h3 Bxf3 17. Nxf3 Rfe8 18. Ng5 Ne5 19. Bb3 h6 20. Nxf7 Nxf7
21. Rhf1 Rxe3 22. Rd4 Rae8 23. Kd2 Rxg3 24. Rdf4 c6 25. Bxf7+ Kxf7 {White
resigns} 0-1

[Event "Team 45 45 League T26"]
[Site "Internet Chess Club"]
[Date "2005.04.04"]
[Round "3"]
[White "clarinetref"]
[Black "houseofcook"]
[Result "1-0"]
[WhiteElo "1446"]
[BlackElo "1259"]
[TimeControl "2700+45"]

1. Nf3 Nf6 2. c4 g6 3. b4 Bg7 4. Bb2 O-O 5. Nc3 d6 6. g3 Nbd7 7. Bg2 Rb8 8. O-O
b6 9. Nd4 Bb7 10. Nc6 Bxc6 11. Bxc6 Ne5 12. Bb5 c6 13. Ba6 Qd7 14. d4 Qh3 15. f3
Neg4 16. fxg4 Nxg4 17. Rf2 Nxf2 18. Kxf2 Qxh2+ 19. Kf3 Bxd4 20. Qxd4 Qh5+ 21.
Qg4 Qe5 22. Qe4 Qh5+ 23. Ke3 e5 24. Qh4 Qxh4 25. gxh4 f5 26. Rd1 f4+ 27. Kf3
Rbd8 28. c5 d5 29. cxb6 e4+ 30. Kg2 axb6 31. Bb7 Rd6 32. Nxd5 f3+ 33. exf3 exf3+
34. Kf2 cxd5 35. Bxd5+ Rxd5 36. Rxd5 h5 37. Rd6 Kh7 38. Rxb6 Rf7 39. Rb8 g5 40.
Rh8+ Kg6 41. Rg8+ Kh6 {Black resigns} 1-0

[Event "Team 45 45 League T26"]
[Site "Internet Chess Club"]
[Date "2005.04.01"]
[Round "3"]
[White "Prop"]
[Black "jientho"]
[Result "0-1"]
[WhiteElo "1290"]
[BlackElo "1356"]
[TimeControl "2700+45"]

1. e4 e5 2. Nf3 Nf6 3. Bc4 Nc6 4. d4 exd4 5. Nxd4 Nxe4 6. Nxc6 bxc6 7. Qe2 d5 8.
Bd3 Qe7 9. O-O Nf6 10. Re1 Qxe2 11. Rxe2+ Be7 12. Bg5 Kf8 13. Nd2 c5 14. c4 h6
15. Bxf6 Bxf6 16. Rae1 Be6 17. cxd5 Bxd5 18. b3 g6 19. Nc4 Kg7 20. Ne3 c6 21.
Ng4 Bc3 22. Rc1 Bd4 23. Ne3 Rad8 24. Nxd5 Rxd5 25. Bc4 Rd7 26. g3 Rhd8 27. Kg2
Kf6 28. Bd3 Be5 29. Be4 Rd2 30. Rxd2 Rxd2 31. Rxc5 Rxa2 32. Rxc6+ Kg5 33. Bd5
Bd4 34. Bxf7 Rxf2+ 35. Kh3 Rxf7 36. Rc4 Bb6 37. Rg4+ Kf5 38. Kh4 Bd8+ 39. Kh3
Rb7 40. Rf4+ Ke6 41. Re4+ Kf7 42. Re3 Re7 43. Rxe7+ Kxe7 44. Kg4 Kd6 45. h4 Kc5
46. h5 gxh5+ 47. Kxh5 Bg5 48. Kg4 a5 49. Kf3 Kb4 50. Ke2 Kxb3 51. Kd1 Kb2 {White
resigns} 0-1

[Event "Team 45 45 League T26"]
[Site "Internet Chess Club"]
[Date "2005.04.02"]
[Round "3"]
[White "slakkjaw"]
[Black "BosqueVerde"]
[Result "0-1"]
[WhiteElo "1206"]
[BlackElo "1236"]
[TimeControl "2700+45"]

1. e4 e6 2. Nf3 d5 3. e5 Bb4 4. c3 Ba5 5. d4 Bd7 6. Bd3 Ne7 7. Bd2 Bb6 8. c4 c5
9. Be3 Nbc6 10. dxc5 Ba5+ 11. Bd2 dxc4 12. Bxc4 O-O 13. a3 Ng6 14. Qe2 Bc7 15.
Bc3 Na5 16. Nbd2 Nf4 17. Qf1 Nxc4 18. Nxc4 Ba4 19. g3 Nd3+ 20. Ke2 Qd5 21. Nfd2
Rad8 22. b4 Bb5 23. Ke3 Bxc4 24. Nxc4 Qxc4 25. Rd1 Qxc3 26. f4 Nb2+ {White
resigns} 0-1

[Event "Team 45 45 League T26"]
[Site "Internet Chess Club"]
[Date "2005.04.01"]
[Round "3"]
[White "EyeAm"]
[Black "Knight-Rookie"]
[Result "0-1"]
[WhiteElo "1210"]
[BlackElo "1241"]
[TimeControl "2700+45"]

1. e4 e5 2. Nf3 Nc6 3. Bc4 Bc5 4. c3 Nf6 5. d4 exd4 6. cxd4 Bb6 7. e5 Ne4 8. O-O
d5 9. Bb5 Bd7 10. Nc3 a6 11. Ba4 f6 12. Nxd5 Ba5 13. exf6 Nxf6 14. Bg5 O-O 15.
Nxf6+ gxf6 16. Bb3+ Kh8 17. Bh6 Re8 18. a3 Bg4 19. d5 Ne5 20. Ba4 Nxf3+ 21. gxf3
Bh3 22. Bxe8 Qxe8 23. b4 Qg6+ {White resigns} 0-1

[Event "Team 45 45 League T26"]
[Site "Internet Chess Club"]
[Date "2005.04.04"]
[Round "3"]
[White "ATLfalcons"]
[Black "GhostMate"]
[Result "1-0"]
[WhiteElo "1754"]
[BlackElo "1641"]
[TimeControl "2700+45"]

1. e4 e5 2. Nf3 d6 3. Bc4 f5 4. d3 Qf6 5. Nc3 c6 6. Bg5 Qg6 7. O-O f4 8. d4 h6
9. Bh4 Bh3 10. Ne1 Be7 11. Bxe7 Nxe7 12. Kh1 Be6 13. Bxe6 Qxe6 14. dxe5 dxe5 15.
Qh5+ g6 16. Qe2 Nd7 17. Rd1 O-O-O 18. a4 g5 19. b4 g4 20. a5 Nf6 21. Rxd8+ Rxd8
22. Na4 Ng6 23. Nc5 Qf7 24. c3 f3 25. Nxf3 gxf3 26. Qxf3 Nf4 27. g3 Qh5 28. Qxh5
N4xh5 29. f3 b6 30. axb6 axb6 31. Na4 Kc7 32. Nb2 Ng7 33. Ra1 Kb7 34. Nc4 Rd3
35. Nxe5 Rxc3 36. Rd1 Nge8 37. Rd2 Kc7 38. Rd3 Rc1+ 39. Kg2 Rc2+ 40. Kh3 Ng7 41.
g4 Ne6 42. Kg3 Rb2 43. Rc3 Nd4 44. Rc4 Rd2 45. h4 b5 46. Rc5 Rc2 47. Rxc2 Nxc2
48. Nd3 Kd7 49. g5 hxg5 50. hxg5 Ng8 51. f4 Kd6 52. f5 Ke7 53. e5 Nd4 54. f6+
Kf7 55. Kh4 Kg6 56. Nf4+ Kf7 57. g6+ Kf8 58. Nd3 Ne6 59. Kh5 Nc7 60. Nc5 Nd5 61.
Ne6+ Ke8 62. f7+ {Black resigns} 1-0

[Event "Team 45 45 League T26"]
[Site "Internet Chess Club"]
[Date "2005.04.03"]
[Round "3"]
[White "alaskauk"]
[Black "KirkB"]
[Result "0-1"]
[WhiteElo "1503"]
[BlackElo "1585"]
[TimeControl "2700+45"]

1. e4 c5 2. Nf3 Nc6 3. d4 cxd4 4. Nxd4 g6 5. Nc3 Bg7 6. Be3 Nf6 7. Bc4 O-O 8. f3
Qb6 9. Bb3 Nxe4 10. Nd5 Qa5+ 11. c3 Nc5 12. Nxc6 dxc6 13. Nxe7+ Kh8 14. Nxc8 Re8
15. Kf2 Nxb3 16. axb3 Qe5 17. Qd2 Raxc8 18. Rae1 Rcd8 19. Qc1 Rd3 20. Bd4 Qb8
21. Rxe8+ Qxe8 22. Re1 Bxd4+ 23. cxd4 Qd7 24. Qc5 Qxd4+ 25. Qxd4+ Rxd4 26. Re7
Rb4 27. Rxf7 Rxb3 28. Rc7 Rxb2+ 29. Kg3 Rb5 30. h4 a5 31. Kg4 h5+ 32. Kg3 a4 33.
Kf4 Rf5+ 34. Ke4 b5 35. Rxc6 b4 36. Rxg6 Rb5 37. Kd3 b3 38. Re6 b2 39. Re8+ Kg7
40. Re7+ Kf6 {White resigns} 0-1